 Dungeon Crawl Stone Soup version 0.27-a0-148-g9515ab555c (webtiles) character file.

Game seed: 3075536559998213073

68 knot the Chopper (level 4, 29/35 HPs)
             Began as a Demonspawn Berserker on Jan 27, 2021.
             Was a Believer of Trog.
             Quit the game on level 2 of the Dungeon.
             The game lasted 00:01:04 (1434 turns).

knot the Chopper (Demonspawn Berserker)             Turns: 1434, Time: 00:01:04

Health: 29/35      AC:  4    Str: 17    XL:     4   Next: 1%
Magic:  4/4        EV: 12    Int:  9    God:    Trog [**....]
Gold:   106        SH:  0    Dex: 13    Spells: 3/3 levels left

rFire    . . .     SeeInvis .   a - +0 hand axe
rCold    . . .     Faith    .   (no shield)
rNeg     . . .     Spirit   .   b - +0 animal skin
rPois    .         Reflect  .   (helmet restricted)
rElec    .         Harm     .   n - +0 cloak
rCorr    .         Rampage  .   f - +0 pair of gloves
Will     .....                  (no boots)
Stlth    +.........             (no amulet)
HPRegen  0.11/turn              (no ring)
MPRegen  0.18/turn              (no ring)

@: no status effects
A: horns 1, foul stench 1, magic regeneration
a: Renounce Religion, Berserk, Trog's Hand


You were on level 2 of the Dungeon.
You worshipped Trog.
Trog was pleased with you.
You visited 1 branch of the dungeon, and saw 2 of its levels.

You collected 106 gold pieces.

Inventory:

Hand Weapons
 a - a +0 hand axe (weapon)
Missiles
 d - 74 stones
 m - 17 sling bullets
Armour
 b - a +0 animal skin (worn)
 f - a +0 pair of gloves (worn)
 n - a +0 cloak (worn)
Scrolls
 c - 2 scrolls of amnesia {unknown}
 h - a scroll of teleportation {unknown}
 i - a scroll of enchant weapon {unknown}
 k - 2 scrolls of remove curse {unknown}
 o - a scroll of identify {unknown}
 p - 3 scrolls of enchant armour {unknown}
 q - a scroll of magic mapping {unknown}
 r - a scroll of noise {unknown}
Potions
 e - 3 potions of curing {unknown}
 g - a potion of brilliance {unknown}
 j - 2 potions of mutation {unknown}
 l - a potion of heal wounds {unknown}


   Skills:
 - Level 3.0 Fighting
 + Level 4.4 Axes
 - Level 1.7 Armour
 - Level 1.7 Dodging


You had 3 spell levels left.
You didn't know any spells.
Your spell library was empty.

Dungeon Overview and Level Annotations

Branches:
Dungeon (2/15)

Altars:


Innate Abilities, Weirdness & Mutations

You have a pair of small horns on your head.
You may rarely emit foul miasma when damaged in melee.
You regenerate magic rapidly.


Message History

The leopard gecko is severely wounded.
The leopard gecko barely misses you.
You completely miss the leopard gecko. Your headbutt misses the leopard gecko.
The leopard gecko is severely wounded.
The leopard gecko closely misses you.
You barely miss the leopard gecko.
The leopard gecko is severely wounded.
The leopard gecko bites you but does no damage.
You miss the leopard gecko.
The leopard gecko is severely wounded.
The leopard gecko hisses menacingly.
The leopard gecko bites you.
The leopard gecko bites you but does no damage.
You hit the leopard gecko.
You kill the leopard gecko!
Trog accepts your kill.
You have reached level 4!
You feel agile.
Your demonic ancestry asserts itself...
You begin to emit a foul stench of rot and decay.
Are you sure you want to abandon this character and quit the game? (Confirm with "yes".)

#...# #...# ## #...#
##### ... #...#
#...##.# # #...#
#...... .#
###...#####....###.#
..........+........
...####.###...##.###.#
................@....#
........###.####.#####
###.†######..^ ..#
###........#..##..
....##..... ..##.##
.....#..... #....#
....[+ .... ..###
.....#..... ...
#.....# ##.


There were no monsters in sight!

Vanquished Creatures
  A centaur skeleton (D:2)
  An adder (D:2)
  A worm (D:2)
  2 dart slugs (D:1)
  2 leopard geckos
  2 giant cockroaches
  2 goblins (D:1)
  2 hobgoblins
  2 jackals (D:2)
  A ball python (D:2)
  3 bats (D:1)
  3 frilled lizards (D:2)
  3 kobolds
  A rat (D:1)
26 creatures vanquished.

Notes
Turn   | Place    | Note
-------+----------+-------------------------------------------
     0 | D:1      | knot the Demonspawn Berserker began the quest for the Orb.
     0 | D:1      | Reached XP level 1. HP: 18/18 MP: 1/1
   188 | D:1      | Reached skill level 3 in Axes
   245 | D:1      | Gained mutation: You regenerate magic rapidly. [demonic
                  | ancestry]
   245 | D:1      | Reached XP level 2. HP: 23/24 MP: 2/2
  1194 | D:2      | Gained mutation: You have a pair of small horns on your
                  | head. [demonic ancestry]
  1194 | D:2      | Reached XP level 3. HP: 29/29 MP: 3/3
  1196 | D:2      | Reached skill level 4 in Axes
  1421 | D:2      | Reached ** piety under Trog
  1434 | D:2      | Gained mutation: You may rarely emit foul miasma when
                  | damaged in melee. [demonic ancestry]
  1434 | D:2      | Reached XP level 4. HP: 29/35 MP: 4/4
  1434 | D:2      | Quit the game

Illustrated notes

Levels and vault maps discovered:
D:1:      kennysheep_arrival_seaside, layout_loops_ring
D:2:      layout_basic, nemelex_altar_shiori

Skill      XL: |  1  2  3 |
---------------+----------+-----
Axes           | 3 4 |  4.4
Fighting       | |  3.0
Armour         | |  1.7
Dodging        | |  1.7

Action                   |  1- 3 |  4- 6 || total
-------------------------+-------+-------++-------
Melee: Hand axe          |    72 |       ||    72
       Headbutt          |     2 |       ||     2
Invok: Berserk           |     2 |       ||     2
Armor: Animal skin       |    18 |       ||    18
Dodge: Dodged            |    51 |       ||    51

Table legend: (Time is in decaauts)
 A = Elapsed time spent in this place.
 B = Non-inter-level travel time spent in this place.
 C = Inter-level travel time spent in this place.
 D = Time resting spent in this place.
 E = Time spent auto-exploring this place.
 F = Levels seen in this place.
 G = Mean time per level.
                   A        B        C        D        E       F      G
               +--------+--------+--------+--------+--------+-----+--------+
         Total |   1469 |   1385 |     84 |    353 |    821 |   2 |  734.5 |
       Dungeon |   1469 |   1385 |     84 |    353 |    821 |   2 |  734.5 |
               +--------+--------+--------+--------+--------+-----+--------+

Top non-repeatable levels by time:
     D:1: 1327 daAuts
     D:2: 142 daAuts
